 Dungeon Crawl Stone Soup version 0.24.0-29-g8ce449bc06 (webtiles) character file.

Game seed: 17902689024993017452, levelgen mode: deterministic

147 Esekla the Magician (level 5, 0/37 HPs)
             Began as a Demonspawn Wanderer on Nov 17, 2019.
             Was an Initiate of Vehumet.
             Slain by an iguana zombie (6 damage)
             ... animated by the malice of Kikubaaqudgha
             ... on level 5 of the Dungeon.
             The game lasted 00:30:40 (4502 turns).

Esekla the Magician (Demonspawn Wanderer)           Turns: 4502, Time: 00:30:41

Health: 0/37       AC:  2    Str: 13    XL:     5   Next: 8%
Magic:  0/9        EV: 18    Int: 16    God:    Vehumet [......]
Gold:   148        SH:  0    Dex: 17    Spells: 1/10 levels left

rFire    . . .     SeeInvis .   a - +0 spear
rCold    . . .     Gourm    .   (no shield)
rNeg     . . .     Faith    .   d - +0 robe
rPois    +         Spirit   +   (no helmet)
rElec    .         Reflect  .   (no cloak)
rCorr    .         Harm     .   (no gloves)
MR       .....                  (no boots)
Stlth    +++.......             (no amulet)
HPRegen  0.12/turn              j - ring of poison resistance
MPRegen  0.11/turn              q - +2 ring of dexterity

@: agile, very slightly contaminated
A: claws 1, magic shield
a: Renounce Religion


You were on level 5 of the Dungeon.
You worshipped Vehumet.
Vehumet was noncommittal.
You were near starving.

You visited 1 branch of the dungeon, and saw 5 of its levels.

You collected 148 gold pieces.

Inventory:

Hand Weapons
 a - a +0 spear (weapon)
 i - a +1 dagger
Missiles
 m - 4 poisoned darts (quivered)
Armour
 d - a +0 robe (worn)
Jewellery
 j - a ring of poison resistance (left claw)
 q - a +2 ring of dexterity (right claw)
Scrolls
 g - a scroll of remove curse
 l - a scroll of random uselessness
 n - a scroll of teleportation {unknown}
Potions
 b - a potion of flight {unknown}
 h - a potion of might {unknown}
 o - a potion of brilliance
 p - a potion of haste {unknown}
Comestibles
 f - 4 rations


   Skills:
 + Level 1.2 Fighting
 + Level 0.7 Short Blades
 + Level 1.2 Polearms
 + Level 2.3 Dodging
 - Level 1.0 Stealth
 * Level 3.1 Spellcasting
 * Level 1.3 Conjurations
   Level 3.0 Summonings
 * Level 0.7 Translocations
 * Level 0.4 Fire Magic
 * Level 1.0 Air Magic
 * Level 0.9 Poison Magic
   Level 1.0 Evocations


You had one spell level left.
You knew the following spells:

 Your Spells              Type           Power        Failure   Level  Hunger
a - Magic Dart            Conj           #...         11%         1    None
b - Blink                 Tloc           N/A          21%         2    ##.....
c - Mephitic Cloud        Conj/Pois/Air  #.......     34%         3    ###....
f - Conjure Flame         Conj/Fire      #.......     36%         3    ###....

Your spell library contained the following spells:

 Spells                   Type           Power        Failure   Level  Hunger
 Pain                     Necr           #...         19%         1    None
 Call Imp                 Summ           ##......     9%          2    ##.....
 Corpse Rot               Necr           N/A          28%         2    ##.....
 Slow                     Hex            #.......     28%         2    ##.....
 Sublimation of Blood     Necr           #.........   28%         2    ##.....
 Vampiric Draining        Necr           #.........   50%         3    ###....


Dungeon Overview and Level Annotations

Branches:
Dungeon (5/15)
 Temple: D:4-7

Altars:
Elyvilon
Kikubaaqudgha
Okawaru
Vehumet
Xom


Innate Abilities, Weirdness & Mutations

You have sharp fingernails.
When hurt, damage is shared between your health and your magic reserves.


Message History

Your +0 spear glows dark ochre for a moment.
It was a scroll of random uselessness.
You feel agile all of a sudden. The iguana zombie misses you.
You hit the iguana zombie but do no damage.
The iguana zombie is heavily damaged.
The iguana zombie bites you.
* * * LOW HITPOINT WARNING * * *
As you read the scroll labeled GOROTU KYSA, it crumbles to dust.
It is a scroll of amnesia.
Really abort (and waste the scroll)? [Y]es or [N]o only, please.
Really abort (and waste the scroll)?
Okay, then.
The iguana zombie bites you.
* * * LOW HITPOINT WARNING * * *
As you read the scroll labeled JIERUQAEBB, it crumbles to dust.
It is a scroll of enchant weapon.
Your +0 dagger glows red for a moment.
The iguana zombie bites you!
You die...

.5..# ....
...##... .......
#..... #.Z.. ...
#+# #@# #Z# #Z#
#.# #.# #.# #.#
################.#
..........Z.Z....#


You could see an iguana zombie and a goblin zombie.

Vanquished Creatures
  A water moccasin skeleton (D:2)
  An ogre skeleton (D:2)
  2 gnolls
  6 adders
  2 oozes (D:3)
  A worm (D:3)
  A dart slug (D:1)
  5 orcs (D:3)
  2 ball pythons (D:2)
  6 bats
  3 giant cockroaches
  4 goblins
  7 hobgoblins
  2 jackals (D:3)
  7 kobolds
  4 frilled lizards
  An orc skeleton (D:2)
  3 rats (D:1)
58 creatures vanquished.

Vanquished Creatures (others)
  A dart slug (D:3)
  A giant cockroach (D:3)
  A jackal (D:3)
3 creatures vanquished.

Grand Total: 61 creatures vanquished

Notes
Turn   | Place    | Note
-------+----------+-------------------------------------------
     0 | D:1      | Esekla the Demonspawn Wanderer began the quest for the Orb.
     0 | D:1      | Esekla set off with the following items: a +0 spear, a
                  | potion of curing, a +0 robe, a ration; and the following
                  | spell memorised: Magic Dart; and the following spells
                  | available to memorise: Call Imp, Blink, Slow, Conjure
                  | Flame, Mephitic Cloud
     0 | D:1      | Reached XP level 1. HP: 15/15 MP: 3/3
   409 | D:1      | Gained mutation: When hurt, damage is shared between your
                  | health and your magic reserves. [demonic ancestry]
   409 | D:1      | Reached XP level 2. HP: 18/21 MP: 5/5
   915 | D:2      | Learned a level 2 spell: Blink
   956 | D:3      | Found a shimmering altar of Xom.
  1229 | D:3      | Reached skill level 1 in Polearms
  1229 | D:3      | Gained mutation: You have sharp fingernails. [demonic
                  | ancestry]
  1229 | D:3      | Reached XP level 3. HP: 7/26 MP: 0/7
  1558 | D:2      | Learned a level 3 spell: Mephitic Cloud
  1961 | D:2      | Reached skill level 1 in Conjurations
  2200 | D:2      | Reached XP level 4. HP: 29/32 MP: 0/8
  2578 | D:3      | HP: 1/32 [adder (3)]
  2679 | D:3      | Found a radiant altar of Vehumet.
  2748 | D:3      | Found a faded altar of an unknown god.
  2837 | D:3      | Became a worshipper of Kikubaaqudgha
  2837 | D:3      | Reached * piety under Kikubaaqudgha
  2837 | D:3      | Identified Kikubaaqudgha's Incunabulum of Darkness
                  | (Kikubaaqudgha gifted it to you on level 3 of the Dungeon)
  2837 | D:3      | Received a gift from Kikubaaqudgha
  3144 | D:3      | HP: 1/32 [something (13)]
  3463 | D:3      | Fell from the grace of Kikubaaqudgha
  3463 | D:3      | Became a worshipper of Vehumet
  3688 | D:4      | Learned a level 3 spell: Conjure Flame
  3746 | D:4      | Found a white marble altar of Elyvilon.
  3834 | D:2      | Reached skill level 1 in Air Magic
  4248 | D:3      | Reached XP level 5. HP: 28/37 MP: 5/9
  4264 | D:3      | Found an iron altar of Okawaru.
  4383 | D:5      | Entered Level 5 of the Dungeon
  4502 | D:5      | Slain by an iguana zombie

Levels and vault maps discovered:
D:1:      ncdulo_watergridlock, layout_loops_ring
D:2:      layout_basic
D:3:      layout_rooms, overflow_temple_1_default, fiery_altar_vehumet,
          okawaru_altar_gauntlet_db, chequers_ecumenical_altar_island
D:4:      layout_gridville, marbit_many_paths, minmay_temple_entry_mist,
          gammafunk_ghost_nasty_kobolds, elyvilon_altar_4, uniq_eustachio
D:5:      layout_basic, first_ration, hangedman_decor_diamond_cutter

Skill      XL: |  1  2  3  4 |
---------------+-------------+-----
Dodging        | 2 |  2.3
Polearms       | 1 |  1.2
Conjurations   | 1 |  1.3
Spellcasting   | 3 |  3.1
Air Magic      | 1 |  1.0
Fighting       | |  1.2
Short Blades   | |  0.7
Stealth        | |  1.0
Summonings     | |  3.0
Translocations | |  0.7
Fire Magic     | |  0.4
Poison Magic   | |  0.9
Evocations     | |  1.0

Action                   |  1- 3 |  4- 6 || total
-------------------------+-------+-------++-------
Melee: Spear             |    19 |    72 ||    91
       Dagger            |    87 |    56 ||   143
Throw: Dart              |       |     2 ||     2
 Cast: Magic Dart        |    57 |    32 ||    89
       Conjure Flame     |       |     2 ||     2
       Blink             |       |     2 ||     2
  Use: Potion            |     1 |     2 ||     3
       Scroll            |       |     6 ||     6
 Stab: Sleeping          |     3 |     2 ||     5
       Distracted        |       |     1 ||     1
  Eat: Chunk             |     4 |     4 ||     8
       Ration            |       |     1 ||     1
Armor: Robe              |    22 |    16 ||    38
Dodge: Dodged            |    85 |    66 ||   151
